 Dungeon Crawl Stone Soup version 0.28-a0-1435-g82390b3a13 (webtiles) character file.

Game seed: 7202484013401370994

1800 oldriver the Fighter (level 8, -8/63 HPs)
             Began as a Demonspawn Chaos Knight on Jan 9, 2022.
             Was a Plaything of Xom.
             Mangled by a wyvern zombie (12 damage)
             ... on level 6 of the Dungeon.
             The game lasted 00:10:20 (6666 turns).

oldriver the Fighter (Demonspawn Chaos Knight)      Turns: 6666, Time: 00:10:21

Health: -8/63      AC:  6    Str: 12      XL:     8   Next: 83%
Magic:  8/8        EV: 14    Int: 16 (17) God:    Xom [..*...]
Gold:   196        SH:  9    Dex: 16 (18) Spells: 7/7 levels left

rFire   . . .      SeeInvis .   a - +1 flail (venom)
rCold   + . .      Faith    .   (no shield)
rNeg    . . .      Spirit   .   b - +3 leather armour
rPois   .          Reflect  +   q - +0 helmet
rElec   +          Harm     .   p - +0 cloak
rCorr   .          Rampage  .   (no gloves)
Will    .....                   (no boots)
Stlth   +.........              c - amulet of reflection
HPRegen 0.20/turn               o - +6 ring of dexterity
MPRegen 0.11/turn               (no ring)

@: mighty, brilliant, studying Spellcasting, unable to read
A: hooves 2, big brain 2, condensation shield, cold resistance 1, deformed body,
deterioration 1, dopey 1, frail 1, screaming 1, electricity resistance, weak 1,
inability to read while threatened
a: Renounce Religion


You were on level 6 of the Dungeon.
You worshipped Xom.
You were a toy of Xom.
You visited 1 branch of the dungeon, and saw 6 of its levels.
You also visited: Sewer.

You collected 196 gold pieces.

Inventory:

Hand Weapons
 a - a +1 flail of venom (weapon)
Armour
 b - a +3 leather armour (worn)
 e - a +0 chain mail
 p - a +0 cloak (worn)
 q - a +0 helmet (worn)
Jewellery
 c - an amulet of reflection (around neck)
 o - a +6 ring of dexterity (left hand)
Scrolls
 h - a scroll of vulnerability
 m - a scroll of noise
Potions
 f - 2 potions of cancellation
 j - a potion of lignification
 k - a potion of invisibility
 l - 2 potions of attraction
 n - 3 potions of degeneration


   Skills:
 * Level 9.3 Fighting
 - Level 3.0 Maces & Flails
 - Level 3.0 Polearms
 - Level 2.1 Armour
 + Level 5.6 Dodging


You had 7 spell levels left.
You didn't know any spells.
Your spell library contained the following spells:

 Spells                   Type           Power      Damage    Failure   Level
 Apportation              Tloc           0%         N/A       32%         1
 Sublimation of Blood     Necr           0%         N/A       43%         2
 Wereblood                Tmut           0%         N/A       43%         2
 Alistair's Intoxication  Tmut/Pois      0%         N/A       100%        5
 Summon Hydra             Summ           0%         N/A       100%        7


Dungeon Overview and Level Annotations

Branches:
Dungeon (6/15)              Sewer (visited)
 Temple: D:4-7

Altars:
Ashenzari
Kikubaaqudgha
Okawaru

Annotations:
D:3 2 transporters, hashsling's ghost, amateur DEHu


Innate Abilities, Weirdness & Mutations

You have hoof-like feet.
You have an extremely huge brain. (Int +4)
A meltable shield of frost defends you. (SH +4)
Your flesh is cold resistant. (rC+)
Armour fits poorly on your strangely shaped body.
Your body sometimes deteriorates upon taking damage.
You are dopey. (Int -2)
You are frail. (-10% HP)
You occasionally shout uncontrollably at your foes.
You are resistant to electric shocks. (rElec)
You are weak. (Str -2)
You sometimes lose the ability to read scrolls when taking damage.


Message History

The wyvern zombie is moderately damaged.
The wyvern zombie bites you!
Your body deteriorates!
You feel dopey. The wyvern zombie barely misses you.
You sock the wyvern zombie! You kick the wyvern zombie.
The wyvern zombie is heavily damaged.
You block the wyvern zombie's attack.
You barely miss the wyvern zombie. Your kick misses the wyvern zombie.
The wyvern zombie is heavily damaged.
The wyvern zombie bites you. The wyvern zombie barely misses you.
You completely miss the wyvern zombie.
The wyvern zombie is heavily damaged.
The wyvern zombie bites you. You block the wyvern zombie's attack.
You hit the wyvern zombie.
You kick the wyvern zombie, but do no damage.
The wyvern zombie is severely damaged.
The wyvern zombie bites you.
* * * LOW HITPOINT WARNING * * *
You sock the wyvern zombie! You kick the wyvern zombie.
You punch the wyvern zombie.
The wyvern zombie is almost destroyed.
The wyvern zombie closely misses you. You block the wyvern zombie's attack.
You hit the wyvern zombie but do no damage.
The wyvern zombie is almost destroyed.
The wyvern zombie bites you.
* * * LOW HITPOINT WARNING * * *
The wyvern zombie closely misses you.
You hit the wyvern zombie but do no damage.
You kick the wyvern zombie.
The wyvern zombie is almost destroyed.
The wyvern zombie barely misses you.
You barely miss the wyvern zombie.
The wyvern zombie is almost destroyed.
The wyvern zombie bites you!
* * * LOW HITPOINT WARNING * * *
Xom is interested.
The wyvern zombie completely misses you.
You feel very mighty all of a sudden. The wyvern zombie bites you!
You die...

..... #.#.#.#.#.#.....#.......
.....###[###.###......#.......
....#.#.#.#.#.#.......#.......
....#..###.###..#####'#)......
....#...#...#............#
.....###.###.............#
...#............)........# ..
#.......#.............'.. .
#...##..#....@........#..#
####...#########Z#......##..#
........# ...#......# ..#
........# ...#......# .#
..)[....# ....#......
..<.[...# #....# .....
######.## ######## ....
.....#.####.##...###+##
.....#................#


You could see a wyvern zombie.

Vanquished Creatures
  A yak (D:5)
  Eustachio (D:5)
  2 orc warriors (D:6)
  Pargi (Sewer)
  An ice beast (D:6)
  2 black bears
  A necrophage (D:6)
  An ogre (D:4)
  A bullfrog (D:5)
  A scorpion (D:4)
  A howler monkey (D:5)
  A centaur zombie (D:6)
  A bullfrog zombie (D:6)
  A hound (D:6)
  An orc priest (D:5)
  2 centaur skeletons
  Crazy Yiuf (D:5)
  A jelly (D:6)
  An iguana (D:6)
  7 orc wizards
  A hound skeleton (D:4)
  4 gnolls
  4 adders
  A white imp (D:5)
  An ufetubus (D:6)
  2 worms
  4 dart slugs
  9 orcs
  6 endoplasms
  7 giant cockroaches
  7 goblins
  8 hobgoblins
  6 jackals
  3 kobolds
  4 quokkas
  9 ball pythons
  4 bats
  2 frilled lizards (D:3)
  5 rats
116 creatures vanquished.

Vanquished Creatures (collateral kills)
  A quokka (D:4)
1 creature vanquished.

Vanquished Creatures (others)
  A centaur (D:4)
1 creature vanquished.

Grand Total: 118 creatures vanquished

Notes
Turn   | Place    | Note
-------+----------+-------------------------------------------
     0 | D:1      | oldriver the Demonspawn Chaos Knight began the quest for
                  | the Orb.
     0 | D:1      | Reached XP level 1. HP: 18/18 MP: 1/1
    31 | D:1      | XOM: silly message
   111 | D:1      | XOM: silly message
   113 | D:1      | Reached skill level 1 in Dodging
   172 | D:1      | XOM: potion effect (invisibility)
   190 | D:1      | Gained mutation: A meltable shield of frost defends you.
                  | (SH +4) [demonic ancestry]
   190 | D:1      | Reached XP level 2. HP: 24/24 MP: 2/2
   238 | D:1      | XOM: silly message
   369 | D:1      | XOM: divination: detect creatures
   399 | D:1      | Gained mutation: You have an unusually large brain. (Int
                  | +2) [demonic ancestry]
   399 | D:1      | Reached XP level 3. HP: 29/29 MP: 3/3
   713 | D:1      | XOM: silly message
  1235 | D:2      | XOM: divination: detect items
  1261 | D:2      | XOM: scenery: summon butterflies
  1284 | D:2      | XOM: cloud trail
  1415 | D:2      | XOM: give mutations
  1415 | D:2      | Gained mutation: Your mind is acute. (Int +2) [Xom's grace]
  1415 | D:2      | Gained mutation: You have a pair of small antennae on your
                  | head. [Xom's grace]
  1415 | D:2      | Gained mutation: You are resistant to electric shocks.
                  | (rElec) [Xom's grace]
  1455 | D:2      | XOM: 3-stop teleportation journey
  1630 | D:3      | XOM: 3-stop teleportation journey
  1739 | D:3      | Noticed hashsling's ghost (amateur DEHu)
  1740 | D:3      | Found a transporter.
  1742 | D:3      | Noticed an ogre
  1742 | D:3      | Identified the +8 great mace of Dim Light {antimagic, rElec
                  | Int-4 SInv}
  1742 | D:3      | Noticed an ogre
  1743 | D:3      | Noticed an ogre
  1751 | D:3      | Found a transporter.
  1823 | D:3      | Reached skill level 4 in Fighting
  1931 | D:3      | Found a broken altar of Ashenzari.
  1932 | D:3      | Found an ancient bone altar of Kikubaaqudgha.
  1955 | D:3      | XOM: torment (16/30 hp)
  2315 | D:3      | Gained mutation: You have an extremely huge brain. (Int +4)
                  | [demonic ancestry]
  2315 | D:3      | Reached XP level 4. HP: 37/37 MP: 4/4
  2536 | D:4      | Noticed an ogre
  2536 | D:4      | Noticed a centaur
  2602 | D:4      | XOM: enchant monster (good)
  2633 | D:4      | Killed an ogre
  2634 | D:4      | Reached skill level 1 in Maces & Flails
  2634 | D:4      | Reached XP level 5. HP: 20/43 MP: 5/5
  2917 | D:4      | Reached skill level 5 in Fighting
  3043 | D:4      | Gained mutation: You have large cloven feet. [demonic
                  | ancestry]
  3043 | D:4      | Reached XP level 6. HP: 44/51 MP: 6/6
  3404 | D:4      | XOM: give mutation
  3404 | D:4      | Gained mutation: Armour fits poorly on your strangely
                  | shaped body. [Xom's mischief]
  3417 | D:4      | XOM: give mutations
  3417 | D:4      | Lost mutation: You have a pair of small antennae on your
                  | head. [Xom's mischief]
  3417 | D:4      | Gained mutation: Your body sometimes deteriorates upon
                  | taking damage. [Xom's mischief]
  3460 | D:5      | Entered Level 5 of the Dungeon
  3503 | D:5      | XOM: 2-stop teleportation journey
  3678 | D:5      | XOM: 2-stop teleportation journey
  3740 | D:5      | Found an iron altar of Okawaru.
  3740 | D:5      | XOM: 2-stop teleportation journey
  3749 | D:5      | XOM: enchant monster (bad)
  3775 | D:5      | XOM: noise
  4009 | D:5      | Reached skill level 6 in Fighting
  4224 | D:5      | Reached XP level 7. HP: 55/58 MP: 7/7
  4741 | D:5      | Noticed a yak
  4741 | D:5      | a black bear changed into a yak
  4741 | D:5      | XOM: polymorph black bear -> yak
  4751 | D:5      | Killed a yak
  4838 | D:5      | XOM: give mutations
  4838 | D:5      | Lost mutation: Your mind is acute. (Int +2) [Xom's
                  | mischief]
  4838 | D:5      | Gained mutation: You are dopey. (Int -2) [Xom's mischief]
  4838 | D:5      | Gained mutation: Your flesh is cold resistant. (rC+) [Xom's
                  | mischief]
  4864 | D:5      | Noticed Eustachio
  4870 | D:5      | Killed Eustachio
  4871 | D:5      | Reached skill level 7 in Fighting
  4936 | D:5      | Found a runed translucent door.
  4937 | D:5      | Noticed Crazy Yiuf
  5055 | D:5      | XOM: give mutations
  5055 | D:5      | Gained mutation: You are frail. (-10% HP) [Xom's mischief]
  5055 | D:5      | Gained mutation: You occasionally shout uncontrollably at
                  | your foes. [Xom's mischief]
  5055 | D:5      | Gained mutation: You sometimes lose the ability to read
                  | scrolls when taking damage. [Xom's mischief]
  5055 | D:5      | Gained mutation: You are weak. (Str -2) [Xom's mischief]
  5060 | D:5      | Killed Crazy Yiuf
  5228 | D:6      | Gained mutation: You have hoof-like feet. [demonic
                  | ancestry]
  5228 | D:6      | Reached XP level 8. HP: 32/60 MP: 8/8
  5239 | D:6      | XOM: enchant monster (good)
  5543 | D:6      | Reached skill level 8 in Fighting
  5604 | D:6      | Found a glowing drain.
  5632 | Sewer    | Entered a sewer
  5797 | Sewer    | Noticed Pargi
  5800 | Sewer    | XOM: smoke on damage
  5804 | Sewer    | XOM: cast spell 'Metabolic Englaciation'
  5809 | Sewer    | Killed Pargi
  5866 | Sewer    | XOM: summons 5 hostile demons
  5913 | Sewer    | XOM: divination: magic mapping
  6001 | D:6      | Reached skill level 5 in Dodging
  6037 | D:6      | XOM: silly message
  6107 | D:5      | XOM: divination: detect creatures
  6162 | D:5      | XOM: divination: magic mapping
  6203 | D:6      | XOM: potion effect (haste)
  6400 | D:6      | Reached skill level 9 in Fighting
  6412 | D:6      | XOM is BORED!
  6412 | D:6      | XOM: silly message
  6656 | D:6      | XOM: potion effect (brilliance)
  6666 | D:6      | Mangled by a wyvern zombie

Illustrated notes

Levels and vault maps discovered:
D:1:      nzn_arrival_settlement, layout_loops_ring
D:2:      layout_basic, nicolae_ecumenical_lake_church
D:3:      layout_rooms, gammafunk_temple_overflow_statue, gammafunk_ghost_smash,
          minmay_quantized
D:4:      layout_rooms
D:5:      layout_loops_ring, okawaru_trees_2, uniq_crazy_yiuf_cottage,
          uniq_eustachio
D:6:      layout_gridville, mainiacjoe_overflow_small_starburst,
          portal_sewer_entry_f, minmay_manual_mail

Skill      XL: |  1  2  3  4  5  6  7  8 |
---------------+-------------------------+-----
Dodging        | 1 2 3 4 5 |  5.6
Armour         | 2 |  2.1
Polearms       | 3 |  3.0
Fighting       | 4 5 6 7 9 |  9.3
Maces & Flails | 1 2 3 |  3.0

Action                   |  1- 3 |  4- 6 |  7- 9 || total
-------------------------+-------+-------+-------++-------
Melee: Spear             |   160 |       |       ||   160
       Dagger            |    11 |       |       ||    11
       Flail             |     2 |   109 |   192 ||   303
       Punch             |       |     1 |     3 ||     4
       Kick              |       |    19 |    65 ||    84
  Use: Potion            |       |     1 |     4 ||     5
       Scroll            |       |     3 |     8 ||    11
 Stab: Sleeping          |     4 |     2 |       ||     6
       Paralysed         |       |       |     1 ||     1
Armor: Leather armour    |    26 |    24 |    52 ||   102
Dodge: Dodged            |    60 |    64 |   142 ||   266
Block: Other             |    40 |    49 |   110 ||   199
       Reflection        |     1 |     3 |       ||     4

Table legend: (Time is in decaauts)
 A = Elapsed time spent in this place.
 B = Non-inter-level travel time spent in this place.
 C = Inter-level travel time spent in this place.
 D = Time resting spent in this place.
 E = Time spent auto-exploring this place.
 F = Levels seen in this place.
 G = Mean time per level.
                   A        B        C        D        E       F      G
               +--------+--------+--------+--------+--------+-----+--------+
         Total |   6755 |   6415 |    340 |   2044 |   2899 |   7 |  965.0 |
       Dungeon |   6393 |   6053 |    340 |   1889 |   2820 |   6 | 1065.5 |
         Sewer |    362 |    362 |      0 |    155 |     79 |   1 |  362.0 |
               +--------+--------+--------+--------+--------+-----+--------+

Top non-repeatable levels by time:
     D:5: 1974 daAuts
     D:4: 1207 daAuts
     D:3: 941 daAuts
     D:1: 851 daAuts
     D:2: 776 daAuts
     D:6: 642 daAuts
   Sewer: 362 daAuts
